 Dungeon Crawl Stone Soup version 0.25.0-9-g26727b657a (webtiles) character file.

Game seed: 2975355092066596603

140 Esekla the Magician (level 5, -10/31 HPs)
             Began as a Deep Elf Wanderer on June 18, 2020.
             Was a Believer of Qazlal.
             Killed from afar by Ijyb (15 damage)
             ... with a bolt of acid
             ... on level 3 of the Dungeon.
             The game lasted 00:24:29 (3782 turns).

Esekla the Magician (Deep Elf Wanderer)             Turns: 3782, Time: 00:24:30

Health: -10/31     AC:  9    Str:  8    XL:     5   Next: 2%
Magic:  0/12       EV: 13    Int: 20    God:    Qazlal [**....]
Gold:   198        SH:  2    Dex: 13    Spells: 5/11 levels left

rFire    . . .     SeeInvis .   p - +0 falchion (protect)
rCold    . . .     Gourm    .   (no shield)
rNeg     . . .     Faith    .   d - +0 robe
rPois    .         Spirit   +   (no helmet)
rElec    .         Reflect  .   (no cloak)
rCorr    .         Harm     .   (no gloves)
MR       .....                  (no boots)
Stlth    ++........             n - amulet of guardian spirit
HPRegen  0.10/turn              (no ring)
MPRegen  0.13/turn              (no ring)

@: protection aura
A: no striking features
a: Upheaval, Renounce Religion


You were on level 3 of the Dungeon.
You worshipped Qazlal.
Qazlal was pleased with you.
You were not hungry.

You visited 2 branches of the dungeon, and saw 5 of its levels.

You collected 198 gold pieces.

Inventory:

Hand Weapons
 a - a +0 spear
 p - a +0 falchion of protection (weapon)
 v - a +2 dagger of venom
 z - a +1 dagger of freezing
Missiles
 o - 3 poisoned darts (quivered)
Armour
 d - a +0 robe (worn)
Jewellery
 n - an amulet of guardian spirit (around neck)
Wands
 m - a wand of flame (18)
 s - a wand of paralysis (7)
Scrolls
 c - 4 scrolls of teleportation
 h - 2 scrolls of remove curse
 j - a scroll of fear {unknown}
 l - a scroll of enchant weapon {unknown}
 q - a scroll of random uselessness {unknown}
 r - a scroll of identify {unknown}
 t - 2 scrolls of enchant armour {unknown}
 w - a scroll of blinking {unknown}
 x - a scroll of magic mapping {unknown}
 y - 2 scrolls of amnesia {unknown}
Potions
 b - a potion of haste {unknown}
 e - a potion of might {unknown}
 i - a potion of mutation {unknown}
 k - 3 potions of heal wounds {unknown}
 u - a potion of invisibility {unknown}
 A - a potion of stabbing {unknown}
Comestibles
 f - 11 rations


   Skills:
 - Level 2.4 Fighting
 + Level 1.0 Short Blades
 + Level 3.3 Dodging
 - Level 1.2 Stealth
   Level 1.0 Shields
 * Level 3.6 Spellcasting
 * Level 2.4 Conjurations
   Level 1.3 Hexes
 * Level 1.5 Translocations
 + Level 1.0 Air Magic
 * Level 1.2 Poison Magic


You had 5 spell levels left.
You knew the following spells:

 Your Spells              Type           Power        Failure   Level  Hunger
a - Magic Dart            Conj           ##..         4%          1    None
b - Blink                 Tloc           N/A          11%         2    ##.....
c - Mephitic Cloud        Conj/Pois/Air  #.......     22%         3    ###....

Your spell library contained the following spells:

 Spells                   Type           Power        Failure   Level  Hunger
 Slow                     Hex            #.......     12%         2    ##.....
 Call Imp                 Summ           #.......     21%         2    ##.....
 Conjure Flame            Conj/Fire      #.......     24%         3    ###....


Dungeon Overview and Level Annotations

Branches:
Dungeon (4/15)             Temple (1/1) D:4

Altars:
Cheibriados
Dithmenos
Elyvilon
Fedhas
Gozag
Hepliaklqana
Kikubaaqudgha
Makhleb
Nemelex Xobeh
Okawaru
Qazlal
Ru
Sif Muna
Trog
Uskayaw
Vehumet
Wu Jian
Xom
Yredelemnul
Zin
The Shining One

Annotations:
D:3 Ijyb


Message History

* * * LOW HITPOINT WARNING * * *
The goblin hits you.
* * * LOW HITPOINT WARNING * * *
You see here a jackal corpse.
Press: ? - help, v - describe, . - travel
Here: a goblin, wearing a +0 buckler The floor.
Unknown command.
Okay, then.
You barely miss the goblin. Ijyb hits you with a +0 club.
* * * LOW HITPOINT WARNING * * *
You block the goblin's attack.
You hit the goblin.
Your weapon exudes an aura of protection.
You kill the goblin!
Qazlal accepts your kill.
Ijyb screams, "No!
No, no, no, no!"
Ijyb misses you.
Ijyb zaps a wand.
The bolt of acid hits you!
You die...

#≈≈#########..#
##≈≈#)...(.....#
#...'..........#
#...'....).....#
#...'.(†)(†(...#
#.≈≈#........).#
##.≈≈#########g.#
#..#≈≈≈..#...#†.#
#[##≈≈≈..'...†@)#
#.###≈≈..#...#####
###.###≈≈..#####)..#
.....##≈≈..........#
.....##≈≈≈.........#
.....###≈≈≈≈≈≈≈≈≈≈≈≈≈≈#
.....# ##≈≈≈≈≈≈≈≈≈≈≈≈≈#
.....# ###############
.....#


You could see Ijyb.

Vanquished Creatures
  3 adders (D:2)
  3 worms
  4 dart slugs
  A leopard gecko (D:2)
  6 orcs (D:3)
  10 bats
  3 giant cockroaches
  15 goblins
  9 hobgoblins
  3 jackals (D:3)
  3 quokkas (D:2)
  A ball python (D:3)
  6 frilled lizards
  12 kobolds
  3 rats
82 creatures vanquished.

Notes
Turn   | Place    | Note
-------+----------+-------------------------------------------
     0 | D:1      | Esekla the Deep Elf Wanderer began the quest for the Orb.
     0 | D:1      | Esekla set off with the following items: a +0 spear, a
                  | scroll of teleportation, a +0 robe, a ration; and the
                  | following spell memorised: Magic Dart; and the following
                  | spells available to memorise: Slow, Blink, Call Imp,
                  | Mephitic Cloud, Conjure Flame
     0 | D:1      | Reached XP level 1. HP: 13/13 MP: 5/5
   357 | D:2      | Reached skill level 1 in Conjurations
   357 | D:2      | Reached XP level 2. HP: 18/18 MP: 1/7
   368 | D:2      | Learned a level 2 spell: Blink
  1036 | D:3      | Reached XP level 3. HP: 22/22 MP: 4/8
  1073 | D:3      | Learned a level 3 spell: Mephitic Cloud
  1182 | D:3      | Reached skill level 1 in Translocations
  1310 | D:4      | Found a staircase to the Ecumenical Temple.
  1318 | Temple   | Entered the Ecumenical Temple
  1459 | Temple   | Became a worshipper of Qazlal Stormbringer
  2322 | D:1      | Reached XP level 4. HP: 22/27 MP: 4/10
  2500 | D:1      | Reached * piety under Qazlal
  3171 | D:2      | Reached skill level 1 in Poison Magic
  3664 | D:3      | Reached skill level 1 in Short Blades
  3747 | D:3      | Reached XP level 5. HP: 31/31 MP: 10/12
  3749 | D:3      | Reached ** piety under Qazlal
  3778 | D:3      | Noticed Ijyb
  3782 | D:3      | Killed from afar by Ijyb

Illustrated notes

Levels and vault maps discovered:
D:1:      dpeg_arrival_round_c, layout_basic, minmay_tall_x
D:2:      minmay_inner_zag, layout_basic
D:3:      kennysheep_goblin_castle, layout_basic
D:4:      layout_loops_ring, minmay_temple_entry_statues_pillars, first_ration,
          kennysheep_nub, uniq_duvessa
Temple:   nicolae_temple_the_god_donut

Skill      XL: |  1  2  3  4 |
---------------+-------------+-----
Spellcasting   | 2 3 |  3.6
Conjurations   | 1 2 |  2.4
Translocations | 1 |  1.5
Dodging        | 3 |  3.3
Poison Magic   | 1 |  1.2
Short Blades   | 1 |  1.0
Fighting       | |  2.4
Stealth        | |  1.2
Shields        | |  1.0
Hexes          | |  1.3
Air Magic      | |  1.0

Action                   |  1- 3 |  4- 6 || total
-------------------------+-------+-------++-------
Melee: Dagger            |    73 |    70 ||   143
       Spear             |     2 |       ||     2
       Falchion          |       |    10 ||    10
Throw: Dart              |     1 |     2 ||     3
 Cast: Magic Dart        |    53 |    39 ||    92
       Mephitic Cloud    |     1 |     2 ||     3
  Use: Scroll            |       |     1 ||     1
 Stab: Sleeping          |     3 |       ||     3
       Confused          |       |     1 ||     1
  Eat: Chunk             |     4 |     5 ||     9
Armor: Robe              |    18 |     9 ||    27
Dodge: Dodged            |    62 |    49 ||   111
Block: Other             |       |     3 ||     3
       Rpst.: Falchion   |       |     1 ||     1
